EL
COLORADO (EL) ROCKIES @ COLUMBIA FIREFLIES
08/13/2047
 
TOP OF THE 1ST
Colorado (EL) Rockies batting - Pitching for Columbia Fireflies : LHP Mike Capers
Pitching: LHP Mike Capers
Batting: RHB Mike McElroy 0-0: Fly out, F8 (Flyball, 89M, EV 93.8 MPH)
Batting: LHB Luke Coulter 0-0: Called Strike
0-1: Ground out U3 (Groundball, 3L, EV 101.9 MPH)
Batting: RHB John Boyer 0-0: Ball
1-0: Ground out 6-3 (Groundball, 6MD, EV 85.0 MPH)
Top of the 1st over - 0 runs, 0 hits, 0 errors, 0 left on base; Colorado (EL) 0 - Columbia 0
BOTTOM OF THE 1ST
Columbia Fireflies batting - Pitching for Colorado (EL) Rockies : RHP Josh Thomas
Pitching: RHP Josh Thomas
Batting: LHB Adam Hairston 0-0: Foul Ball, location: 2F
0-1: Foul Ball, location: 2F
0-2: Ball
1-2: Ball
2-2: Fly out, F8 (Flyball, 78M, EV 85.6 MPH)
Batting: SHB Raul Morales 0-0: Called Strike
0-1: Ball
1-1: Ball
2-1: Swinging Strike
2-2: Strikes out looking
Batting: SHB Justin Wallace 0-0: Ground out 5-3 (Groundball, 56, EV 83.8 MPH)
Bottom of the 1st over - 0 runs, 0 hits, 0 errors, 0 left on base; Colorado (EL) 0 - Columbia 0
TOP OF THE 2ND
Colorado (EL) Rockies batting - Pitching for Columbia Fireflies : LHP Mike Capers
Batting: SHB Jeff Sorrels 0-0: Ball
1-0: Foul Ball, location: 2F
1-1: Ball
2-1: Called Strike
2-2: Strikes out looking
Batting: LHB Tomoya Hashimoto 0-0: Ball
1-0: Foul Ball, location: 2F
1-1: Swinging Strike
1-2: Foul Ball, location: 2F
1-2: Foul Ball, location: 2F
1-2: Ball
2-2: SINGLE (Flyball, 8RS, EV 90.6 MPH)
Batting: LHB Matt Calitri 0-0: Ball
1-0: Fly out, F7 (Line Drive, 7LS, EV 90.0 MPH)
Batting: LHB Harry Folsom 0-0: Called Strike
0-1: Ball
1-1: Foul Ball, location: 2F
1-2: Strikes out swinging
Top of the 2nd over - 0 runs, 1 hit, 0 errors, 1 left on base; Colorado (EL) 0 - Columbia 0
BOTTOM OF THE 2ND
Columbia Fireflies batting - Pitching for Colorado (EL) Rockies : RHP Josh Thomas
Batting: RHB Bobby Coulombe 0-0: Called Strike
0-1: Foul Ball, location: 2F
0-2: Ball
1-2: Ball
2-2: Foul Ball, location: 2F
2-2: Fly out, F9 (Flyball, 9D, EV 78.1 MPH)
Batting: RHB Dan Muse 0-0: Ball
1-0: Fly out, F8 (Flyball, 8RS, EV 89.4 MPH)
Batting: RHB Elias Urbina 0-0: Ball
1-0: Ball
2-0: Foul Ball, location: 2F
2-1: Foul Ball, location: 2F
2-2: Ball
3-2: Base on Balls
Batting: RHB Jeff MacPhee 0-0: Called Strike
Elias Urbina steals 2nd base
0-1: Foul Ball, location: 2F
0-2: Strikes out looking
Bottom of the 2nd over - 0 runs, 0 hits, 0 errors, 1 left on base; Colorado (EL) 0 - Columbia 0
TOP OF THE 3RD
Colorado (EL) Rockies batting - Pitching for Columbia Fireflies : LHP Mike Capers
Batting: LHB Mike Clark 0-0: Fly out, F8 (Flyball, 78M, EV 88.8 MPH)
Batting: RHB Miguel Cardona 0-0: Swinging Strike
0-1: Ground out 5-3 (Groundball, 56, EV 106.9 MPH)
Batting: RHB Mike McElroy 0-0: Ball
1-0: Called Strike
1-1: Ball
2-1: Ball
3-1: Fly out, F7 (Line Drive, 78M, EV 109.4 MPH)
Top of the 3rd over - 0 runs, 0 hits, 0 errors, 0 left on base; Colorado (EL) 0 - Columbia 0
BOTTOM OF THE 3RD
Columbia Fireflies batting - Pitching for Colorado (EL) Rockies : RHP Josh Thomas
Batting: RHB Koen van Oort 0-0: Ball
1-0: Swinging Strike
1-1: Ball
2-1: Swinging Strike
2-2: Foul Ball, location: 2F
2-2: Strikes out looking
Batting: RHB David Reyna 0-0: Called Strike
0-1: Reached on error, E5 (Groundball, 5S, EV 82.5 MPH)
Batting: LHB Adam Hairston 0-0: Called Strike
0-1: Foul Ball, location: 2F
0-2: Foul Ball, location: 2F
0-2: Ball
1-2: Ball
2-2: Foul Ball, location: 2F
2-2: Ball
3-2: SINGLE (Groundball, 34D, EV 103.1 MPH)
David Reyna to second
Runner from 2nd tries for 3rd, SAFE, throw by RF made to third
Batting: SHB Raul Morales 0-0: Ball
1-0: Ball
2-0: Called Strike
2-1: Foul Ball, location: 2F
2-2: Fly out, F3 (Popup, 34S, EV 74.4 MPH)
Batting: SHB Justin Wallace 0-0: SINGLE (Line Drive, 4D, EV 95.6 MPH)
David Reyna scores
Adam Hairston to second
Runner from 2nd tries for 3rd, SAFE, throw by RF made to third
Now in LF: Mike Kara
Now in RF: Tomoya Hashimoto
Batting: RHB Bobby Coulombe 0-0: Ball
1-0: Ball
2-0: Ground out 5-3 (Groundball, 56, EV 100.6 MPH)
Bottom of the 3rd over - 1 run, 2 hits, 1 error, 2 left on base; Colorado (EL) 0 - Columbia 1
TOP OF THE 4TH
Colorado (EL) Rockies batting - Pitching for Columbia Fireflies : LHP Mike Capers
Batting: LHB Luke Coulter 0-0: Called Strike
0-1: Swinging Strike
0-2: Fly out, F8 (Flyball, 89M, EV 82.5 MPH)
Batting: LHB Mike Kara 0-0: DOUBLE (Flyball, 8RXD, EV 109.4 MPH)
Batting: SHB Jeff Sorrels 0-0: Foul Ball, location: 2F
0-1: Ground out U3 (Groundball, 3, EV 78.8 MPH)
Mike Kara to third
Batting: LHB Tomoya Hashimoto 0-0: SINGLE (Line Drive, 9S, EV 89.4 MPH)
Mike Kara scores
Batting: LHB Matt Calitri 0-0: Foul Ball, location: 2F
0-1: Foul Ball, location: 2F
0-2: Strikes out swinging
Top of the 4th over - 1 run, 2 hits, 0 errors, 1 left on base; Colorado (EL) 1 - Columbia 1
BOTTOM OF THE 4TH
Columbia Fireflies batting - Pitching for Colorado (EL) Rockies : RHP Josh Thomas
Batting: RHB Dan Muse 0-0: Ball
1-0: Ball
2-0: Ball
3-0: Called Strike
3-1: SINGLE (Groundball, 56D, EV 98.1 MPH)
Batting: RHB Elias Urbina 0-0: Called Strike
0-1: Ball
1-1: Ball
2-1: Fielders Choice at 2nd, 4-6 (Groundball, 34, EV 99.4 MPH)
Batting: RHB Jeff MacPhee 0-0: Fielders Choice at 2nd, 4-6 (Groundball, 34, EV 88.1 MPH)
Batting: RHB Koen van Oort 0-0: SINGLE (Groundball, 56S, EV 66.9 MPH) (infield hit)
Jeff MacPhee to second
Batting: RHB David Reyna 0-0: SINGLE (Groundball, 56D, EV 103.8 MPH)
Jeff MacPhee to third
Koen van Oort to second
Runner from 3rd tries for Home, SAFE, throw by LF to home
Batting: LHB Adam Hairston 0-0: Ball
1-0: Foul Ball, location: 2F
1-1: Ball
2-1: Ground out 6-3 (Groundball, 6S, EV 78.8 MPH)
Bottom of the 4th over - 1 run, 3 hits, 0 errors, 2 left on base; Colorado (EL) 1 - Columbia 2
TOP OF THE 5TH
Colorado (EL) Rockies batting - Pitching for Columbia Fireflies : LHP Mike Capers
Batting: LHB Harry Folsom 0-0: Ball
1-0: Foul Ball, location: 2F
1-1: Called Strike
1-2: Ball
2-2: Ball
3-2: Foul Ball, location: 2F
3-2: Ground out U3 (Groundball, 3, EV 85.6 MPH)
Batting: LHB Mike Clark 0-0: Called Strike
0-1: Ball
1-1: SINGLE (Groundball, 4D, EV 96.9 MPH)
Batting: RHB Miguel Cardona 0-0: Called Strike
0-1: Foul Ball, location: 2F
0-2: Foul Ball, location: 2F
0-2: Foul Ball, location: 2F
0-2: Ball
1-2: Strikes out swinging
Batting: RHB Mike McElroy 0-0: Called Strike
Mike Clark is caught stealing 2nd base 2-4
Top of the 5th over - 0 runs, 1 hit, 0 errors, 0 left on base; Colorado (EL) 1 - Columbia 2
BOTTOM OF THE 5TH
Columbia Fireflies batting - Pitching for Colorado (EL) Rockies : RHP Josh Thomas
Batting: SHB Raul Morales 0-0: Called Strike
0-1: Ball
1-1: Ball
2-1: SINGLE (Line Drive, 89S, EV 89.4 MPH)
Batting: SHB Justin Wallace 0-0: Called Strike
0-1: Ball
Raul Morales is caught stealing 2nd base 2-6
1-1: Foul Ball, location: 2F
1-2: Foul Ball, location: 2F
1-2: Ball
2-2: DOUBLE (Line Drive, 89M, EV 108.1 MPH)
Batting: RHB Bobby Coulombe 0-0: Ground out 6-3 (Groundball, 6S, EV 88.1 MPH)
Batting: RHB Dan Muse 0-0: Ball
1-0: Ball
2-0: Foul Ball, location: 2F
2-1: Fly out, F8 (Flyball, 8RXD, EV 96.9 MPH)
Bottom of the 5th over - 0 runs, 2 hits, 0 errors, 1 left on base; Colorado (EL) 1 - Columbia 2
TOP OF THE 6TH
Colorado (EL) Rockies batting - Pitching for Columbia Fireflies : LHP Mike Capers
Batting: RHB Mike McElroy 0-0: Called Strike
0-1: Foul Ball, location: 2F
0-2: Foul Ball, location: 2F
0-2: Ball
1-2: Ground out 6-3 (Groundball, 6, EV 85.6 MPH)
Batting: LHB Luke Coulter 0-0: Ball
1-0: DOUBLE (Flyball, 78D, EV 98.8 MPH)
Batting: LHB Mike Kara 0-0: Ball
1-0: Foul Ball, location: 2F
1-1: Ball
2-1: Foul Ball, location: 2F
2-2: Ground out 5-3 (Groundball, 56S, EV 79.4 MPH)
Batting: SHB Jeff Sorrels 0-0: Ball
1-0: Called Strike
1-1: Fly out, F9 (Flyball, 9D, EV 101.2 MPH)
Top of the 6th over - 0 runs, 1 hit, 0 errors, 1 left on base; Colorado (EL) 1 - Columbia 2
BOTTOM OF THE 6TH
Columbia Fireflies batting - Pitching for Colorado (EL) Rockies : RHP Josh Thomas
Batting: RHB Elias Urbina 0-0: Ball
1-0: Fly out, F7 (Flyball, 78D, EV 106.2 MPH)
Batting: RHB Jeff MacPhee 0-0: Called Strike
0-1: Ball
1-1: Foul Ball, location: 2F
1-2: Strikes out looking
Batting: RHB Koen van Oort 0-0: Hit by Pitch
Batting: RHB David Reyna 0-0: Ball
1-0: Swinging Strike
1-1: Called Strike
Koen van Oort is caught stealing 2nd base 2-4
Bottom of the 6th over - 0 runs, 0 hits, 0 errors, 0 left on base; Colorado (EL) 1 - Columbia 2
TOP OF THE 7TH
Colorado (EL) Rockies batting - Pitching for Columbia Fireflies : LHP Mike Capers
Batting: LHB Tomoya Hashimoto 0-0: SINGLE (Groundball, 25, EV 73.8 MPH) (infield hit)
Batting: LHB Matt Calitri 0-0: Ball
1-0: Swinging Strike
1-1: Foul Ball, location: 2F
1-2: Strikes out swinging
Pinch Hitting: RHB Zach Sommer 0-0: Ball
1-0: Ball
2-0: Ball
3-0: Called Strike
3-1: Base on Balls
Tomoya Hashimoto to second
Batting: LHB Mike Clark 0-0: SINGLE (Groundball, 34D, EV 94.4 MPH)
Tomoya Hashimoto to third
Zach Sommer to second
Runner from 3rd tries for Home, SAFE, throw by RF to home
Batting: RHB Miguel Cardona 0-0: Called Strike
0-1: Ball
1-1: Ball
2-1: Ground out 6-3 (Groundball, 56D, EV 101.2 MPH)
Zach Sommer to third
Mike Clark to second
Batting: RHB Mike McElroy 0-0: Foul Ball, location: 2F
0-1: Ball
1-1: Foul Ball, location: 2F
1-2: Ball
2-2: Ball
3-2: Strikes out swinging
Top of the 7th over - 1 run, 2 hits, 0 errors, 2 left on base; Colorado (EL) 2 - Columbia 2
BOTTOM OF THE 7TH
Columbia Fireflies batting - Pitching for Colorado (EL) Rockies : RHP Josh Thomas
Pitching: LHP Datu Callanta
Now at 2B: Mike Clark
Now at 3B: Zach Sommer
Now at SS: Mike McElroy
Batting: RHB David Reyna 0-0: Ball
1-0: Swinging Strike
1-1: Foul Ball, location: 2F
1-2: Foul Ball, location: 2F
1-2: Foul Ball, location: 2F
1-2: Foul Ball, location: 2F
1-2: DOUBLE (Line Drive, 5D, EV 101.9 MPH)
Batting: LHB Adam Hairston 0-0: Called Strike
0-1: Called Strike
0-2: Strikes out swinging
Batting: SHB Raul Morales 0-0: Fly out, F7 (Flyball, 78M, EV 79.4 MPH)
Batting: SHB Justin Wallace 0-0: Called Strike
0-1: Ground out U3 (Groundball, 3L, EV 97.5 MPH)
Bottom of the 7th over - 0 runs, 1 hit, 0 errors, 1 left on base; Colorado (EL) 2 - Columbia 2
TOP OF THE 8TH
Colorado (EL) Rockies batting - Pitching for Columbia Fireflies : LHP Mike Capers
Batting: LHB Luke Coulter 0-0: Ball
1-0: Foul Ball, location: 2F
1-1: Foul Ball, location: 2F
1-2: Strikes out swinging
Batting: LHB Mike Kara 0-0: Called Strike
0-1: SINGLE (Groundball, 56D, EV 97.5 MPH)
Batting: SHB Jeff Sorrels 0-0: Ball
1-0: Ball
2-0: Swinging Strike
2-1: Ball
3-1: Base on Balls
Mike Kara to second
Pitching: RHP Brad Brown
Batting: LHB Tomoya Hashimoto 0-0: Ball
1-0: Ball
2-0: Ball
3-0: Called Strike
3-1: SINGLE (Groundball, 5D, EV 110.6 MPH)
Mike Kara to third
Jeff Sorrels to second
Runner from 3rd tries for Home, SAFE, throw by LF to home
Batting: LHB Matt Calitri 0-0: Ball
1-0: Foul Ball, location: 2F
1-1: Foul Ball, location: 2F
1-2: SINGLE (Groundball, 56D, EV 105.6 MPH)
Jeff Sorrels to third
Tomoya Hashimoto to second
Pinch Hitting: LHB Ho-win Zhou 0-0: Called Strike
0-1: Ball
1-1: Grounds into fielders choice 3-2 (Groundball, 3, EV 85.0 MPH)
Tomoya Hashimoto to third
Matt Calitri to second
Batting: LHB Mike Clark 0-0: Called Strike
0-1: Called Strike
0-2: Fielders Choice at 2nd, U4 (Groundball, 4M, EV 81.9 MPH)
Top of the 8th over - 1 run, 3 hits, 0 errors, 3 left on base; Colorado (EL) 3 - Columbia 2
BOTTOM OF THE 8TH
Columbia Fireflies batting - Pitching for Colorado (EL) Rockies : LHP Datu Callanta
Pitching: RHP Jim Davis
Now at 3B: Salvador Avina
Batting: RHB Bobby Coulombe 0-0: Swinging Strike
0-1: Called Strike
0-2: SOLO HOME RUN (Flyball, 7D, EV 93.1 MPH), Distance : 356 ft
Batting: RHB Dan Muse 0-0: Ball
1-0: SINGLE (Flyball, 6D, EV 92.5 MPH)
Batting: RHB Elias Urbina 0-0: Bunted foul
0-1: Bunted foul
0-2: Fly out, F8 (Line Drive, 8LS, EV 91.9 MPH)
Pinch Hitting: LHB Jamel Alexander 0-0: Bunt missed!
0-1: Ball
1-1: Sac Bunt to 15 - play at first, batter OUT! 1-3
Dan Muse to second
Batting: RHB Koen van Oort 0-0: Swinging Strike
0-1: Ball
1-1: Swinging Strike
1-2: Ball
2-2: Foul Ball, location: 2F
2-2: Fly out, F8 (Flyball, 8RD, EV 90.0 MPH)
Bottom of the 8th over - 1 run, 2 hits, 0 errors, 1 left on base; Colorado (EL) 3 - Columbia 3
TOP OF THE 9TH
Colorado (EL) Rockies batting - Pitching for Columbia Fireflies : RHP Brad Brown
Now in RF: Jamel Alexander
Batting: RHB Miguel Cardona 0-0: Ball
1-0: Ball
2-0: Ball
3-0: Called Strike
3-1: Called Strike
3-2: Foul Ball, location: 2F
3-2: SINGLE (Groundball, P, EV 83.1 MPH) (infield hit)
Batting: RHB Mike McElroy 0-0: Called Strike
0-1: Ball
1-1: Fielders Choice at 2nd, 1-6 (Groundball, 13S, EV 75.6 MPH)
Batting: LHB Luke Coulter 0-0: Called Strike
0-1: Ball
1-1: Ball
2-1: Fly out, F3 (Line Drive, 3L, EV 71.2 MPH)
Lined into DP, U3 (Line Drive, 3L, EV 68.8 MPH)
Top of the 9th over - 0 runs, 1 hit, 0 errors, 0 left on base; Colorado (EL) 3 - Columbia 3
BOTTOM OF THE 9TH
Columbia Fireflies batting - Pitching for Colorado (EL) Rockies : RHP Jim Davis
Pitching: RHP Manny Campos
Pinch Hitting: RHB Masaya Nakamura 0-0: Ground out 1-3 (Groundball, 13, EV 65.0 MPH)
Batting: LHB Adam Hairston 0-0: Called Strike
0-1: TRIPLE (Groundball, 3L, EV 100.6 MPH)
Batting: SHB Raul Morales 0-0: Ball
1-0: Called Strike
1-1: Ball
2-1: DOUBLE (Groundball, 3D, EV 95.6 MPH)
Adam Hairston scores
Bottom of the 9th over - 1 run, 2 hits, 0 errors, 1 left on base; Colorado (EL) 3 - Columbia 4
Thursday, December 15th , 2022 - OOTP Baseball 23.9 Build 102